 Dungeon Crawl Stone Soup version 0.9.0-15-g1b13fe2 character file.

69 Alg the Ducker (level 2, -1/14 HPs)
             Began as a Spriggan Transmuter on Aug 28, 2011.
             Slain by a hobgoblin (3 damage)
             ... on Level 1 of the Dungeon.
             The game lasted 00:02:05 (1539 turns).

Alg the Ducker (Spriggan Transmuter)                Turns: 1539, Time: 00:02:05

HP  -1/14        AC  2     Str  6      XL: 2   Next: 46%
MP   3/5         EV 18     Int 14      God:
Gold 53          SH  0     Dex 16      Spells:  3 memorised,  2 levels left

Res.Fire  : . . .   See Invis. : +   b - 35 +0 arrows
Res.Cold  : . . .   Warding    : . . c - +0 robe
Life Prot.: . . .   Conserve   : .   (shield restricted)
Res.Acid. : . . .   Res.Corr.  : .   (helmet restricted)
Res.Poison: .       Clarity    : .   (no cloak)
Res.Elec. : .       Spirit.Shd : .   (gloves unavailable)
Sust.Abil.: . .     Stasis     : .   (boots unavailable)
Res.Mut.  : .       Ctrl.Telep.: .   (no amulet)
Res.Rott. : .       Levitation : .   (no ring)
Saprovore : . . .   Ctrl.Flight: .   (no ring)

@: very quick, slightly resistant to hostile enchantments, unstealthy
A: unfitting armour, see invisible, herbivore 3, speed 3, slow metabolism 3
a: no special abilities


You were on level 1 of the Dungeon.
You were not hungry.

You visited 1 branch of the dungeon, and saw 1 of its levels.

You collected 33 gold pieces.

Inventory:

Hand weapons
 l - a +0,+0 short sword
Missiles
 b - 35 +0 arrows (in hand)
Armour
 c - a +0 robe (worn)
Comestibles
 k - an apple
Scrolls
 i - a scroll of random uselessness {unknown}
 j - a scroll of blinking {unknown}
Potions
 a - a potion of porridge
 e - 3 potions of confusion
 f - a potion of poison
 g - a potion of brilliance {unknown}
 h - a potion of speed {unknown}
 m - a potion of heal wounds {unknown}
Books
 d - a book of Changes

   Spells                             Type                      Level
   *Fulsome Distillation              Transmutation/Necromancy     1
   *Sticks to Snakes                  Transmutation                2
   *Evaporate                         Fire/Transmutation           2
   Spider Form                        Transmutation/Poison         3
   Ice Form                           Ice/Transmutation            4
   Blade Hands                        Transmutation                5


   Skills:
 + Level 3 Dodging
 + Level 3 Unarmed Combat
 + Level 3 Spellcasting
 + Level 3 Transmutations


You had 2 spell levels left.
You knew the following spells:

 Your Spells              Type           Power        Success   Level  Hunger
a - Fulsome Distillation Trmt/Necr N/A            Very         Good        1    Sultana
b - Sticks to Snakes Trmt ##........     Very         Good        2    Choko
c - Evaporate             Fire/Trmt      ##........   Good        2    Choko

Dungeon Overview and Level Annotations

Branches:
Dungeon (1/27)

Altars:


Innate Abilities, Weirdness & Mutations

You are tiny and cannot use many weapons and most armour.
You have supernaturally acute eyesight.
You are a herbivore.
You cover ground extremely quickly.
You need consume almost no food.


Message History

The hobgoblin misses you.
Wield which item (- for none, * to show all)? (? for menu, Esc to quit)
b - 37 +0 arrows (in hand)
Casting: Sticks to Snakes
Confirm with . or Enter, or press ? or * to list all spells.
You create some snakes!
Your small snake bites the hobgoblin but does no damage.
The hobgoblin closely misses your small snake.
The hobgoblin barely misses your small snake.
Your small snake closely misses the hobgoblin.
Your small snake bites the hobgoblin but does no damage.
The hobgoblin hits your small snake.
Your small snake dies!
Your small snake barely misses the hobgoblin.
Your small snake bites the hobgoblin but does no damage.
Casting: Sticks to Snakes
Confirm with . or Enter, or press ? or * to list all spells.
You don't know that spell.
The hobgoblin hits you.
You die...

#.# #.
############.###.
.........%.......
############.###.
#######.# #.
#.....#.# #.
#.....#.###.
#(..........
#.(@..#.###.
#.Sg..#.# #.
#.....#.# #.
#.#####.# #. #.#
#.# #. #.# #.# #.
#.# #.# #. #.#
#.# #. #.# #.# #.


You could see a hobgoblin and a friendly small snake.

Vanquished Creatures
  A goblin (D:1)
  2 hobgoblins (D:1)
  3 bats (D:1)
  4 giant cockroaches (D:1)
  A giant newt (D:1)
  2 kobolds (D:1)
  2 rats (D:1)
15 creatures vanquished.

Vanquished Creatures (others)
  A rat (D:1)
  A toadstool (D:1)
2 creatures vanquished.

Grand Total: 17 creatures vanquished

Notes
Turn   | Place    | Note
--------------------------------------------------------------
     0 | D:1      | Alg, the Spriggan Transmuter, began the quest for the Orb.
     0 | D:1      | Reached XP level 1. HP: 10/10 MP: 2/2
   544 | D:1      | Reached XP level 2. HP: 7/14 MP: 5/5
   547 | D:1      | Learned a level 1 spell: Fulsome Distillation
   551 | D:1      | Learned a level 2 spell: Sticks to Snakes
   655 | D:1      | Learned a level 2 spell: Evaporate
  1539 | D:1      | Slain by a hobgoblin
